cohdb
Replays
Latest Replays
All Replays
Popular Replays
Top Player Replays
Match Explorer
How It Works
Community
CoH3 Stats
Reddit
Sign in to upload your games and track your stats! →
Sign in with Steam
Match 43184898
Unlisted
Match 43184898
Overview
Messages
Build Orders
End
Construct Barracks
Scout Squad
Selects Special Operations Battlegroup
Riflemen Squad
Riflemen Squad
M1 Mortar Team
Grenade Package
Riflemen Squad
Selects M29 Weasel with M1 Pack Howitzer
Infantry Support Center
Construct Weapon Support Center
M1919 Machine Gun Team
Riflemen Squad
Selects Smoke Screen
M3 Armored Personnel Carrier
Captain Retinue
M1918 Browning Automatic Rifles
M3 Armored Personnel Carrier
Engineer Squad
Selects P-47 Anti-Infantry Loiter
P-47 Anti-Infantry Loiter
Smoke Screen
Riflemen Squad
Selects SSF Commando Squad
Riflemen Squad
AI Takeover
FullMetalDesa
mRk
DCrzy
Papa Shango
Husar
yar_blade
0
0
Comments
sign in to comment!
No comments posted yet!